 Dungeon Crawl Stone Soup version 0.29.0-4-gdea44cf6ec (webtiles) character file.

Game seed: 16680619608319111362

5 112233 the Digger (level 1, -7/7 HPs)
             Began as a Felid Earth Elementalist on Aug 26, 2022.
             Killed by divine providence
             ... invoked by an orc priest
              (11 damage)
             ... on level 2 of the Dungeon.
             The game lasted 00:00:17 (237 turns).

112233 the Digger (Felid Earth Elementalist)         Turns: 237, Time: 00:00:18

Health: -7/7       AC:  1    Str:  4    XL:     1   Next: 66%
Magic:  0/4        EV: 17    Int: 16    God:
Gold:   25         SH:  0    Dex: 16    Spells: 3/4 levels left
                                        Lives:  0   Deaths: 0

rFire   . . .      SeeInvis +   (weapon unavailable)
rCold   . . .      Faith    .   (shield unavailable)
rNeg    . . .      Spirit   .   (body armour unavailable)
rPois   .          Reflect  .   (helmet unavailable)
rElec   .          Harm     .   (cloak unavailable)
rCorr   .          Rampage  .   (gloves unavailable)
Will    .....                   (boots unavailable)
Stlth   ++........              (no amulet)
HPRegen 0.02/turn               (no ring)
MPRegen 0.09/turn               (no ring)

@: quick
A: very small, claws 1, fangs 3, see invisible, speed 1, shaggy fur 1, stealthy
paws, no weapons or thrown items, no armour, multi-lived
a: no special abilities


You were on level 2 of the Dungeon.
You visited 1 branch of the dungeon, and saw 2 of its levels.

You collected 25 gold pieces.

Inventory:

Scrolls
 b - a scroll of enchant weapon {unknown}
Potions
 a - a potion of magic
 c - a potion of curing {unknown}
 d - a potion of degeneration {unknown}


   Skills:
 - Level 2.7 Dodging
 - Level 2.7 Stealth
 + Level 2.1 Spellcasting
 - Level 1.1 Transmutations
 * Level 2.9 Earth Magic


You had 3 spell levels left.
You knew the following spells:

 Your Spells              Type           Power      Damage    Failure   Level
a - Sandblast             Erth           22%        2d7       6%          1

Your spell library contained the following spells:

 Spells                   Type           Power      Damage    Failure   Level
 Passwall                 Tmut/Erth      6%         N/A       14%         2
 Stone Arrow              Conj/Erth      12%        3d7       32%         3
 Petrify                  Tmut/Erth      8%         N/A       65%         4


Dungeon Overview and Level Annotations

Branches:
Dungeon (2/15)

Altars:


Innate Abilities, Weirdness & Mutations

You have sharp claws.
You have razor-sharp teeth.
You have supernaturally acute eyesight. (SInv)
You cover ground quickly. (Speed+)
You are covered in fur. (AC +1)
Your paws help you pounce on unaware monsters.
You are incapable of wielding weapons or throwing items.
You cannot wear armour.
You gain extra lives every three experience levels.


Message History

Casting: Sandblast (safe; 6% risk of failure)
Confirm with . or Enter, or press ? or * to list all spells.
Aiming: Sandblast (safe; 6% risk of failure)
Press: ? - help, Shift-Dir - straight line, f/p - orc
Aim: an orc, wielding a +1 falchion of holy wrath and wearing a +0 ring mail (heavily wounded, 84% to hit)
The blast of sand hits the orc but does no damage.
The orc is heavily wounded.
The orc barely misses you.
Casting: Sandblast (safe; 6% risk of failure)
Confirm with . or Enter, or press ? or * to list all spells.
You don't have enough magic to cast this spell.
Unknown command.
Unknown command.
An orc priest comes into view. It is wielding a +0 dagger.
Casting: Sandblast (safe; 6% risk of failure)
Confirm with . or Enter, or press ? or * to list all spells.
Aiming: Sandblast (safe; 6% risk of failure)
Press: ? - help, Shift-Dir - straight line, f/p - orc
Aim: an orc, wielding a +1 falchion of holy wrath and wearing a +0 ring mail (heavily wounded, 84% to hit)
The blast of sand hits the orc but does no damage.
The orc is heavily wounded.
Unknown command.
A bat comes into view.
You closely miss the bat. Your claw misses the bat. The bat hits you.
The bat closely misses you. The bat hits you.
Casting: Sandblast (safe; 6% risk of failure)
Confirm with . or Enter, or press ? or * to list all spells.
Aiming: Sandblast (safe; 6% risk of failure)
Press: ? - help, Shift-Dir - straight line, f/p - orc
Aim: an orc, wielding a +1 falchion of holy wrath and wearing a +0 ring mail (heavily wounded, 84% to hit)
The blast of sand hits the orc.
You kill the orc!
The bat closely misses you. x2; The bat hits you.
The bat closely misses you. The bat closely misses you.
The orc priest mumbles some strange prayers to Beogh against you.
Beogh smites you!
Ouch! That really hurt!
You die...

##...## #..r..##
.......# ......$# ######
.......# #....# #.....#
#....#
#.|...####..).##########
.o.......o...ob.@.......
.......###....##########
..)....# #....# #.....##
###### ##...######..
......>.....#
####..###### ##.# ##
#.## #.


You could see an orc priest, an orc and a bat.

Vanquished Creatures
  An orc (D:2)
  An endoplasm (D:1)
  2 kobolds (D:1)
4 creatures vanquished.

Notes
Turn   | Place    | Note
-------+----------+-------------------------------------------
     0 | D:1      | 112233 the Felid Earth Elementalist began the quest for the
                  | Orb.
     0 | D:1      | Reached XP level 1. HP: 7/7 MP: 4/4
   218 | D:2      | Noticed an orc priest
   237 | D:2      | Killed from afar by an orc priest

Illustrated notes

Levels and vault maps discovered:
D:1:      sevenhm_arrival_forest_fort_small_4, layout_rooms,
          shapermc_ecumenical_altar_mp_vishouse, chequers_arboretum
D:2:      layout_rooms, minmay_pentomino_w4, uniq_natasha

Action                   || total
-------------------------++-------
Melee: Unarmed           ||     1
 Cast: Sandblast         ||     9
Dodge: Dodged            ||     9
